 Dungeon Crawl Stone Soup version 0.32-a0-871-ge202e49faa (webtiles) character file.

Game seed: 12806705243553270785

175 senf the Sneak (level 5, -5/27 HPs)
             Began as a Vine Stalker Brigand on Mar 29, 2024.
             Engulfed by a steam dragon's steam (9 damage)
             ... on level 4 of the Dungeon.
             The game lasted 00:04:24 (2528 turns).

senf the Sneak (Vine Stalker Brigand)               Turns: 2528, Time: 00:04:25

Health: -5/27      AC:  5    Str: 19    XL:     5   Next: 55%
Magic:  0/6        EV: 11    Int: 11    God:
Gold:   209        SH:  0    Dex: 18    Spells: 4/4 levels left

rFire   . . .        l - +1 dagger (venom)
rCold   . . .        (no shield)
rNeg    + . .        b - +0 robe
rPois   .            z - +0 helmet
rElec   .            c - +0 cloak
rCorr   .            k - +0 pair of gloves
SInv    .            (no boots)
Will    .....        (no amulet)
Stlth   +++          p - +6 ring of strength
HPRegen 1.04/turn    q - ring of positive energy
MPRegen 0.10/turn

%: guardian spirit
@: no status effects
A: fangs 2, regeneration 1, magic shield, antimagic bite, no potion heal 2
a: no special abilities


You were on level 4 of the Dungeon.
You visited 1 branch of the dungeon, and saw 4 of its levels.

You collected 209 gold pieces.

Inventory:

Hand Weapons
 a - a +2 dagger
 l - a +1 dagger of venom (weapon)
Missiles
 d - 9 poisoned darts (quivered)
 e - 3 curare-tipped darts
Armour
 b - a +0 robe (worn)
 c - a +0 cloak (worn)
 k - a +0 pair of gloves (worn)
 z - a +0 helmet (worn)
Jewellery
 i - an amulet of the acrobat
 m - a ring of magical power
 p - a +6 ring of strength (left hand)
 q - a ring of positive energy (right hand)
Scrolls
 f - 2 scrolls of fear {unknown}
 h - a scroll of identify {unknown}
 n - a scroll of blinking {unknown}
 o - 2 scrolls of torment {unknown}
 s - a scroll of butterflies {unknown}
 t - a scroll of teleportation {unknown}
 x - a scroll of revelation {unknown}
 y - a scroll of enchant weapon {unknown}
Potions
 g - 2 potions of cancellation {unknown}
 j - 2 potions of curing {unknown}
 r - a potion of degeneration {unknown}
 u - a potion of ambrosia {unknown}
 v - a potion of haste {unknown}
 w - 2 potions of heal wounds {unknown}


   Skills:
 + Level 2.6 Fighting
 + Level 2.7 Short Blades
 + Level 2.7 Throwing
 + Level 2.0 Dodging
 + Level 5.7 Stealth


You had 4 spell levels left.
You didn't know any spells.
Your spell library contained the following spells:

 Spells                   Type           Power      Damage    Failure   Level
 Static Discharge         Conj/Air       0%         3-3/arc   47%         2
 Hailstorm                Conj/Ice       0%         3d5       71%         3
 Summon Ice Beast         Ice/Summ       0%         N/A       71%         3
 Airstrike                Air            0%         2d(0-16)  98%         4
 Summon Lightning Spire   Summ/Air       0%         N/A       98%         4
 Permafrost Eruption      Ice/Erth       0%         2x4d2     100%        6
 Sculpt Simulacrum        Ice/Alch       0%         N/A       100%        6


Dungeon Overview and Level Annotations

Branches:
Dungeon (4/15)
 Temple: D:4-7

Altars:
Elyvilon
Hepliaklqana
Qazlal


Innate Abilities, Weirdness & Mutations

You have extremely sharp teeth.
Your natural rate of healing is unusually fast.
When hurt, damage is shared between your health and your magic reserves.
Your bite disrupts and absorbs the magic of your enemies.
Potions cannot restore your health.


Message History

You kill the goblin!
You closely miss the goblin. You hit the goblin.
The goblin is poisoned.
You bite the goblin.
You kill the goblin!
A jelly comes into view.
The goblin hits you with a +0 club.
Found 2 puce potions and 13 gold pieces.
An endoplasm comes into view.
Things that are here:
a +0 dagger; a +0 club You see here 2 puce potions.
You barely miss the steam dragon. You bite the steam dragon.
You drain its power.
The steam dragon is lightly wounded.
The steam dragon bites you. The steam dragon misses you.
You hit the steam dragon.
The steam dragon is poisoned.
You bite the steam dragon, but do no damage.
The steam dragon is lightly wounded.
The steam dragon bites you. The steam dragon completely misses you.
You hit the steam dragon but do no damage.
You bite the steam dragon, but do no damage.
The steam dragon is lightly wounded.
The steam dragon breathes steam at you. The ball of steam hits you!
You hit the steam dragon but do no damage.
The steam dragon looks as sick as possible!
The steam dragon is lightly wounded.
You are engulfed in a cloud of scalding steam.
* * * LOW HITPOINT WARNING * * *
The steam dragon misses you. x2
You hit the steam dragon but do no damage.
The steam dragon looks as sick as possible!
The steam dragon is lightly wounded.
You are engulfed in a cloud of scalding steam.
* * * LOW HITPOINT WARNING * * *
You hit the steam dragon. You bite the steam dragon. You drain its power.
You feel invigorated.
The steam dragon is moderately wounded.
You are engulfed in a cloud of scalding steam.
You die...

#...#.#...###..##
###.).###.....#
#$#.#.# #.#...#
#.#.#g##.....#
.D#.#.#..###.##
.. .#.#.#..[#.#
## .# #.#g.###.##
## #D##....(#
#J#@#.#...#
J.g###.....#
..#.# .###..# #.#
#$ #. #.... # ##
.. ...... ...
...#### ### ...


You could see a steam dragon (extremely poisoned, catching breath).

Vanquished Creatures
  A scorpion (D:4)
  5 adders
  2 ribbon worms
  3 orcs
  7 ball pythons
  6 endoplasms
  A giant cockroach (D:1)
  8 goblins
  5 hobgoblins
  3 jackals (D:2)
  4 quokkas
  3 bats
  4 frilled lizards
  8 kobolds
  5 rats
65 creatures vanquished.

Notes
Turn   | Place    | Note
-------+----------+-------------------------------------------
     0 | D:1      | senf the Vine Stalker Brigand began the quest for the Orb.
     0 | D:1      | Reached XP level 1. HP: 11/11 MP: 2/2
   150 | D:1      | Reached skill level 1 in Dodging
   150 | D:1      | Reached XP level 2. HP: 11/15 MP: 1/3
   160 | D:1      | Reached skill level 5 in Stealth
   438 | D:1      | Reached XP level 3. HP: 18/18 MP: 2/4
   867 | D:2      | Identified the +0 ring mail of Syicve {rPois rN+++ Will-
                  | Regen+}
  1061 | D:2      | Found a stormy altar of Qazlal.
  1078 | D:2      | Reached XP level 4. HP: 23/23 MP: 5/5
  1547 | D:3      | Found a faded altar of an unknown god.
  1555 | D:3      | Identified the +5 robe of Udees {Int+4}
  1903 | D:3      | Found a hazy altar of Hepliaklqana.
  1934 | D:3      | Found a white marble altar of Elyvilon.
  2476 | D:4      | Noticed a steam dragon
  2476 | D:4      | Noticed a scorpion
  2479 | D:4      | Reached XP level 5. HP: 27/27 MP: 6/6
  2528 | D:4      | Engulfed by a steam dragon's steam

Illustrated notes

Levels and vault maps discovered:
D:1:      psy_arrival_radial02, layout_basic
D:2:      layout_rooms, basic_altar, serial_co_window_serial, co_window_paths_b,
          co_window_paths_b, co_window_corner_a, co_window_paths_b,
          co_window_of_opportunity_a, co_window_corner_a, co_window_corner_b,
          co_window_of_opportunity_b, co_window_of_opportunity_c,
          co_window_unsneaky_path_d, co_window_2corner, co_window_paths_e,
          co_window_paths_d
D:3:      layout_basic, nicolae_overflow_squiral, serial_curves, eino_curves_01,
          eino_curves_02, ebering_ecumenical_altar_webs, palyth_stone_intersect,
          minmay_door_square
D:4:      layout_rooms, gammafunk_temple_overflow_forgotten,
          minmay_starry_boxes, uniq_menkaure

Skill      XL: |  1  2  3  4  5 |
---------------+----------------+-----
Dodging        | 1 2 |  2.0
Short Blades   | 2 |  2.7
Stealth        | 5 |  5.7
Fighting       | 2 |  2.6
Throwing       | 2 |  2.7

Action                     |  1- 3 |  4- 6 || total
---------------------------+-------+-------++-------
  Melee: Dagger            |    90 |    60 ||   150
         Bite              |    21 |    20 ||    41
   Stab: Sleeping          |     7 |    10 ||    17
 Armour: Robe              |    44 |    27 ||    71
  Dodge: Dodged            |    46 |    26 ||    72

Table legend: (Time is in decaauts)
 A = Elapsed time spent in this place.
 B = Non-inter-level travel time spent in this place.
 C = Inter-level travel time spent in this place.
 D = Time resting spent in this place.
 E = Time spent auto-exploring this place.
 F = Levels seen in this place.
 G = Mean time per level.
                   A        B        C        D        E       F      G
               +--------+--------+--------+--------+--------+-----+--------+
         Total |   2521 |   2459 |     62 |     14 |   1929 |   4 |  630.2 |
       Dungeon |   2521 |   2459 |     62 |     14 |   1929 |   4 |  630.2 |
               +--------+--------+--------+--------+--------+-----+--------+

Top non-repeatable levels by time:
     D:3: 952 daAuts
     D:2: 894 daAuts
     D:1: 594 daAuts
     D:4: 80 daAuts
